 Dungeon Crawl Stone Soup version 0.25-a0-424-g80bd347ae0 (webtiles) character file.

Game seed: 5781927999836348507, levelgen mode: deterministic

71 Conn the Magician (level 4, 0/28 HPs)
             Began as an Octopode Wizard on Jan 21, 2020.
             Slain by a goblin
             ... wielding a +0 club
             ... led by Robin
              (6 damage)
             ... on level 2 of the Dungeon.
             The game lasted 00:06:17 (1909 turns).

Conn the Magician (Octopode Wizard)                 Turns: 1909, Time: 00:06:18

Health: 0/28       AC:  1    Str:  7    XL:     4   Next: 24%
Magic:  9/9        EV: 13    Int: 20    God:
Gold:   27         SH:  0    Dex: 10    Spells: 2/10 levels left

rFire    . . .     SeeInvis .   f - +0 short sword
rCold    . . .     Gourm    .   (no shield)
rNeg     . . .     Faith    .   a - +0 hat
rPois    .         Spirit   .   (no amulet)
rElec    .         Reflect  .   (no ring)
rCorr    .         Harm     .   (no ring)
MR       .....                  (no ring)
Stlth    +++.......             (no ring)
HPRegen  0.09/turn              (no ring)
MPRegen  0.11/turn              (no ring)
                                (no ring)
                                (no ring)

@: hasted, very quick
A: almost no armour, stealthy swim, amphibious, 8 rings, constrict 8, camouflage
1, gelatinous body 1
a: no special abilities


You were on level 2 of the Dungeon.
You were not hungry.

You visited 1 branch of the dungeon, and saw 3 of its levels.

You collected 27 gold pieces.

Inventory:

Hand Weapons
 b - a +0 dagger
 f - a +0 short sword (weapon)
Missiles
 h - 38 sling bullets
 j - 3 atropa-tipped darts (quivered)
Armour
 a - a +0 hat (worn)
Potions
 i - a potion of heal wounds {unknown}
Comestibles
 c - 2 rations


   Skills:
 * Level 1.0 Fighting
 + Level 2.2 Dodging
 + Level 3.0 Stealth
 + Level 0.2 Unarmed Combat
 * Level 3.9 Spellcasting
 * Level 1.7 Conjurations
 + Level 1.0 Summonings
 + Level 1.0 Translocations


You had 2 spell levels left.
You knew the following spells:

 Your Spells              Type           Power        Failure   Level  Hunger
a - Magic Dart            Conj           ##..         6%          1    None
b - Blink                 Tloc           N/A          13%         2    ##.....
c - Call Imp              Summ           #.......     13%         2    ##.....
d - Conjure Flame         Conj/Fire      #.......     26%         3    ###....

Your spell library contained the following spells:

 Spells                   Type           Power        Failure   Level  Hunger
 Slow                     Hex            #.......     21%         2    ##.....
 Mephitic Cloud           Conj/Pois/Air  #.......     30%         3    ###....


Dungeon Overview and Level Annotations

Branches:
Dungeon (3/15)

Altars:
Ashenzari

Annotations:
D:2 Robin


Innate Abilities, Weirdness & Mutations

You cannot wear most types of armour.
You are very stealthy in the water. (Stealth+)
You are amphibious.
You can wear up to eight rings at the same time.
You can use your tentacles to constrict eight enemies at once.
Your skin changes colour to match your surroundings (Stealth+).
Your rubbery body absorbs attacks. (AC +1, EV +1)


Message History

The goblin shoots a stone.
The stone misses you.
You see here a stone.
Robin roars a battlecry!
The goblin goes into a battle-frenzy!
The goblin shoots a stone.
The stone hits you.
* * * LOW HITPOINT WARNING * * *
You see here a stone.
There is a stone staircase leading up here.
Okay, then.
You aren't carrying any scrolls.
The goblin shoots a stone.
The stone closely misses you. Robin throws the goblin at you!
You aren't carrying any scrolls.
It was a potion of haste.
You feel yourself speed up.
The goblin unwields a +0 hunting sling.
The goblin barely misses you.
A goblin comes into view.
Robin roars a battlecry!
The goblin goes into a battle-frenzy!
The goblin hits you with a +0 club.
You die...

.....g.....###...........#
...........g.............#
.........###g............#
####....^.......(........#
#...............g........#
#................g..#..###
#..........#....gg#.####
#..........#....gg#.#
#..........#....@##.#
#..........#.....g..#
#..........#.....####
############.....# #.....#
#.....# #######


You could see Robin, a gnoll and 7 goblins.

Vanquished Creatures
  Natasha (twice) (D:2)
  4 dart slugs
  4 bats
  5 goblins
  4 hobgoblins (D:1)
  A jackal (D:3)
  2 frilled lizards
  4 kobolds
  2 rats (D:1)
28 creatures vanquished.

Vanquished Creatures (collateral kills)
  A goblin (D:1)
  A jackal (D:2)
2 creatures vanquished.

Grand Total: 30 creatures vanquished

Notes
Turn   | Place    | Note
-------+----------+-------------------------------------------
     0 | D:1      | Conn the Octopode Wizard began the quest for the Orb.
     0 | D:1      | Reached XP level 1. HP: 11/11 MP: 4/4
   282 | D:1      | Reached XP level 2. HP: 18/18 MP: 0/6
   339 | D:1      | Learned a level 2 spell: Blink
   342 | D:1      | Learned a level 2 spell: Call Imp
   517 | D:1      | Found a shattered altar of Ashenzari.
  1148 | D:2      | Reached XP level 3. HP: 10/22 MP: 5/8
  1351 | D:2      | Noticed Natasha
  1359 | D:2      | Killed Natasha
  1533 | D:2      | Learned a level 3 spell: Conjure Flame
  1577 | D:3      | Reached skill level 1 in Fighting
  1631 | D:2      | Noticed Natasha
  1654 | D:2      | Killed Natasha
  1654 | D:2      | Reached XP level 4. HP: 14/28 MP: 2/9
  1863 | D:2      | Noticed Robin
  1909 | D:2      | Slain by a goblin

Levels and vault maps discovered:
D:1:      wander_arrival_abandoned_jail, layout_loops_ring,
          minmay_misc_feat_diagonals, nicolae_ashenzari_panopticon
D:2:      layout_basic, minitemple, cheibrodos_gnoll_hut, uniq_robin,
          uniq_natasha
D:3:      layout_basic, cheibriados_altar_1, first_ration,
          nicolae_ru_path_of_blood, uniq_crazy_yiuf_cottage

Skill      XL: |  1  2  3 |
---------------+----------+-----
Stealth        | 3 |  3.0
Fighting       | 1 |  1.0
Dodging        | |  2.2
Unarmed Combat | |  0.2
Spellcasting   | |  3.9
Conjurations   | |  1.7
Summonings     | |  1.0
Translocations | |  1.0

Action                   |  1- 3 |  4- 6 || total
-------------------------+-------+-------++-------
Melee: Unarmed           |     9 |       ||     9
       Constrict         |     8 |     1 ||     9
       Tentacles         |     7 |       ||     7
       Short sword       |    15 |     2 ||    17
       Dagger            |     2 |       ||     2
Throw: Dart              |     2 |       ||     2
 Cast: Magic Dart        |    40 |       ||    40
       Call Imp          |     8 |       ||     8
       Conjure Flame     |     1 |       ||     1
  Use: Scroll            |       |     2 ||     2
       Potion            |       |     1 ||     1
 Stab: Sleeping          |     3 |       ||     3
  Eat: Chunk             |     2 |     1 ||     3
Armor: Skin              |     3 |       ||     3
Dodge: Dodged            |    26 |    11 ||    37

Table legend:
 A = Non-vault XP
 B = Vault XP
 C = Vault XP percentage of total XP
 D = Non-vault monster count
 E = Vault monster count
 F = Vault count percentage of total count
                 A         B        C        D         E       F
            +---------+---------+-------+---------+---------+-------
      Total |      76 |      26 |  25.5 |      27 |       3 |  10.0
            +---------+---------+-------+---------+---------+-------
        D:1 |      25 |       0 |   0.0 |      16 |       0 |   0.0
        D:2 |      49 |      24 |  32.9 |      10 |       2 |  16.7
        D:3 |       2 |       2 |  50.0 |       1 |       1 |  50.0
            +---------+---------+-------+---------+---------+-------
